 Dungeon Crawl Stone Soup version 0.31-a0-986-g5e6e4ef867 (webtiles) character file.

Game seed: 2624978491684224971

777 Firecrotchwizard the Ruffian (level 7, -2/79 HPs)
             Began as a Gnoll Shapeshifter on Nov 18, 2023.
             Slain by a gnoll
             ... wielding a +0 whip
             ... led by a gnoll sergeant
              (4 damage)
             ... on level 6 of the Dungeon.
             The game lasted 00:16:20 (4010 turns).

Firecrotchwizard the Ruffian (Gnoll Shapeshifter)   Turns: 4010, Time: 00:16:21

Health: -2/79      AC: 23    Str: 15    XL:     7   Next: 84%
Magic:  11/11      EV:  2    Int: 10    God:
Gold:   201        SH:  0    Dex: 11    Spells: 11/11 levels left

rFire   . . .        p - +2 short sword (venom)
rCold   . . .        (no shield)
rNeg    . . .        v - melded +0 chain mail
rPois   +            (helmet currently unavailable)
rElec   .            (cloak currently unavailable)
rCorr   .            (gloves currently unavailable)
SInv    .            (boots currently unavailable)
Will    .....        (no amulet)
Stlth   ++           (no ring)
HPRegen 0.33/turn    (no ring)
MPRegen 0.12/turn

%: no passive effects
@: tree-form
A: stationary, stasis, torment immunity, boosted hp, (fangs 1), strong nose,
distributed training
a: no special abilities


You were on level 6 of the Dungeon.
You were a tree.
You visited 1 branch of the dungeon, and saw 5 of its levels.

You collected 201 gold pieces.

Inventory:

Hand Weapons
 p - a +2 short sword of venom (weapon)
Missiles
 r - 6 poisoned darts
 u - a curare-tipped dart
Armour
 a - a +0 animal skin
 i - a +0 plate armour
 s - a +2 helmet
 v - a +0 chain mail (melded)
Talismans
 c - a beast talisman
 d - a flux talisman
 q - a maw talisman
Scrolls
 e - a scroll of noise {unknown}
 f - 3 scrolls of identify {unknown}
 h - 2 scrolls of torment {unknown}
 j - a scroll of enchant weapon {unknown}
 m - a scroll of blinking {unknown}
 o - 2 scrolls of fear {unknown}
 w - a scroll of vulnerability {unknown}
Potions
 b - a potion of lignification
 g - 3 potions of ambrosia
 k - 2 potions of curing {unknown}
 l - a potion of brilliance {unknown}
 n - a potion of haste {unknown}
 t - a potion of attraction {unknown}


   Skills:
 + Level 3.8 Fighting
 + Level 2.8 Short Blades
 + Level 2.8 Long Blades
 + Level 2.8 Axes
 + Level 2.8 Maces & Flails
 + Level 2.8 Polearms
 + Level 2.8 Staves
 + Level 2.8 Ranged Weapons
 + Level 2.8 Throwing
 + Level 2.8 Armour
 + Level 5.4 Dodging
 + Level 2.8 Stealth
 + Level 2.8 Shields
 + Level 7.1 Unarmed Combat
 + Level 2.8 Spellcasting
 + Level 2.2 Conjurations
 + Level 2.2 Hexes
 + Level 2.2 Summonings
 + Level 2.2 Necromancy
 + Level 2.2 Translocations
 + Level 2.2 Transmutations
 + Level 2.2 Fire Magic
 + Level 2.2 Ice Magic
 + Level 2.2 Air Magic
 + Level 2.2 Earth Magic
 + Level 2.2 Poison Magic
 + Level 3.1 Invocations
 + Level 2.8 Evocations
 + Level 7.0 Shapeshifting


You had 11 spell levels left.
You didn't know any spells.
Your spell library contained the following spells:

 Spells                   Type           Power      Damage    Failure   Level
 Ensorcelled Hibernation  Hex/Ice        10%        N/A       17%         2
 Passwall                 Tmut/Erth      4%         N/A       17%         2
 Swiftness                Air            5%         N/A       34%         3
 Volatile Blastmotes      Fire/Tloc      10%        2d10      34%         3
 Fulminant Prism          Conj/Hex       2%         3d5       75%         4
 Iskenderun's Mystic Bla  Conj/Tloc      5%         2d3       75%         4


Dungeon Overview and Level Annotations

Branches:
Dungeon (6/15)
 Temple: D:4-7

Altars:

Annotations:
D:2 Natasha


Innate Abilities, Weirdness & Mutations

You are a tree.
Your roots penetrate the ground, keeping you stationary.
You cannot be teleported.
You are immune to unholy pain and torment.
Your maximum health is greatly increased.
Your equipment is partially melded.
((You have very sharp teeth.))
Your uncanny sense of smell can sniff out nearby items.
Your experience applies equally to all skills.


Message History

The orc shouts! x2
You puncture the orc!
You kill the orc!
You puncture the orc!
You kill the orc!
Found 24 gold pieces.
The orc hits you with a +0 whip.
Items here: )) [ †.
You closely miss the orc. The orc hits you with a +0 whip.
You hit the orc.
The orc is lightly wounded.
The orc hits you with a +0 whip.
You hit the orc.
The orc is poisoned.
Your bite misses the orc.
The orc is heavily wounded.
You hit the orc.
You kill the orc!
You hit the gnoll but do no damage.
The gnoll is poisoned.
The gnoll hits you with a +0 flail.
You puncture the gnoll! You bite the gnoll.
The gnoll is almost dead.
The gnoll closely misses you.
An orc comes into view. It is wielding a +0 dagger.
You hit the gnoll.
You kill the gnoll!
You hit the orc.
The orc is poisoned.
The orc is heavily wounded.
The orc hits you but does no damage.
A gnoll comes into view. It is wielding a +0 halberd.
The gnoll shouts!
You hit the orc.
You kill the orc!
A gnoll sergeant comes into view. It is wielding a +4 trident of flaming.
Found a club.
The gnoll sergeant shouts!
The orc hits you but does no damage.
A gnoll comes into view. It is wielding a +0 whip.
Items here: $ ))) [ †.
The gnoll shouts!
You hit the orc.
You kill the orc!
Things that are here:
a +0 dagger; an orc corpse
Okay, then.
You are a hulking beast.
Your movement speed is average.
Your attack delay is about 0.8.
Your damage rating with your +2 short sword of venom is about 11 (Base 5 x 102% (Dex) x 111% (Skill) + 6 (Ench + Slay)).
Unknown command.
Items here: $ ))) [ †.
Items here: )) [ †.
You start resting.
A gnoll sergeant is nearby!
You hit the gnoll sergeant but do no damage.
The gnoll sergeant misses you.
You hit the gnoll sergeant but do no damage.
The gnoll sergeant is poisoned.
You punch the gnoll sergeant! Your bite misses the gnoll sergeant.
The gnoll sergeant is moderately wounded.
The gnoll sergeant blocks your attack.
The gnoll sergeant is moderately wounded.
The gnoll sergeant hits you with a +4 trident of flaming!
The gnoll sergeant burns you.
You hit the gnoll sergeant but do no damage.
The gnoll sergeant looks even sicker.
The gnoll sergeant is moderately wounded.
The gnoll sergeant hits you with a +4 trident of flaming!
The gnoll sergeant burns you.
You hit the gnoll sergeant.
The gnoll sergeant looks as sick as possible!
Your punch misses the gnoll sergeant.
You bite the gnoll sergeant, but do no damage.
The gnoll sergeant is heavily wounded.
The gnoll sergeant hits you with a +4 trident of flaming!
* * * LOW HITPOINT WARNING * * *
The gnoll sergeant burns you!
* * * LOW HITPOINT WARNING * * *
Okay, then.
Your transformation has ended.
You turn into a tree.
Your +0 chain mail melds into your body.
Your roots penetrate the ground.
The gnoll sergeant hits you with a +4 trident of flaming.
* * * LOW HITPOINT WARNING * * *
The gnoll sergeant burns you.
* * * LOW HITPOINT WARNING * * *
You hit the gnoll sergeant but do no damage.
The gnoll sergeant looks as sick as possible!
The gnoll sergeant is almost dead.
The gnoll sergeant hits you but does no damage.
Unknown command.
The gnoll sergeant blocks your attack.
You punch the gnoll sergeant.
You kill the gnoll sergeant!
You hit the gnoll.
The gnoll is poisoned.
The gnoll is moderately wounded.
The gnoll hits you with a +0 halberd.
* * * LOW HITPOINT WARNING * * *
You hit the gnoll.
The gnoll looks as sick as possible!
The gnoll is heavily wounded.
You kill the gnoll!
You closely miss the gnoll. The gnoll hits you but does no damage.
You hit the gnoll but do no damage. The gnoll hits you with a +0 whip.
You die...

.. #># ... .# #.# )g#
...... #.# #.#
#..##.# ##.# #g##
##..##.# ##..# #($
.##..#.#####†#.##
#.g#.##.............#
#)##...#.#####...##
#..#)#♣.....#####..#
∆
#####g....#........#
#.........####..##
..........#.## #.##
..........##.# #.#
############.. ...
#### #.# #<# #.#


You could see a gnoll.

Vanquished Creatures
  A kobold brigand (D:3)
  A bullfrog (D:6)
  A gnoll sergeant (D:6)
  A scorpion (D:6)
  3 howler monkeys (D:3)
  A hound (D:3)
  4 adders
  19 gnolls
  2 worms
  4 dart slugs
  19 orcs
  11 ball pythons
  6 endoplasms
  8 giant cockroaches
  4 goblins
  4 hobgoblins
  27 jackals
  7 kobolds
  4 quokkas
  5 bats
  2 frilled lizards
  9 rats
143 creatures vanquished.

Notes
Turn   | Place    | Note
-------+----------+-------------------------------------------
     0 | D:1      | Firecrotchwizard the Gnoll Shapeshifter began the quest for
                  | the Orb.
     0 | D:1      | Reached XP level 1. HP: 17/17 MP: 1/1
   108 | D:1      | Reached XP level 2. HP: 23/23 MP: 2/2
   293 | D:1      | Reached XP level 3. HP: 27/28 MP: 3/3
   441 | D:1      | Reached skill level 1 in Invocations
   770 | D:2      | Reached skill level 1 in Short Blades
   770 | D:2      | Reached skill level 1 in Long Blades
   770 | D:2      | Reached skill level 1 in Axes
   770 | D:2      | Reached skill level 1 in Maces & Flails
   770 | D:2      | Reached skill level 1 in Polearms
   770 | D:2      | Reached skill level 1 in Staves
   770 | D:2      | Reached skill level 1 in Ranged Weapons
   770 | D:2      | Reached skill level 1 in Throwing
   770 | D:2      | Reached skill level 1 in Armour
   770 | D:2      | Reached skill level 1 in Stealth
   770 | D:2      | Reached skill level 1 in Shields
   770 | D:2      | Reached skill level 1 in Spellcasting
   770 | D:2      | Reached skill level 1 in Evocations
   898 | D:2      | Reached XP level 4. HP: 34/34 MP: 5/5
  1093 | D:2      | Noticed Natasha
  1402 | D:2      | Reached skill level 1 in Conjurations
  1402 | D:2      | Reached skill level 1 in Hexes
  1402 | D:2      | Reached skill level 1 in Summonings
  1402 | D:2      | Reached skill level 1 in Necromancy
  1402 | D:2      | Reached skill level 1 in Translocations
  1402 | D:2      | Reached skill level 1 in Transmutations
  1402 | D:2      | Reached skill level 1 in Fire Magic
  1402 | D:2      | Reached skill level 1 in Ice Magic
  1402 | D:2      | Reached skill level 1 in Air Magic
  1402 | D:2      | Reached skill level 1 in Earth Magic
  1402 | D:2      | Reached skill level 1 in Poison Magic
  1734 | D:3      | Reached XP level 5. HP: 26/40 MP: 5/7
  2494 | D:3      | Reached XP level 6. HP: 18/47 MP: 8/8
  2641 | D:3      | Reached skill level 5 in Dodging
  3257 | D:3      | Reached XP level 7. HP: 17/52 MP: 10/10
  3861 | D:4      | You fall into a shaft and drop 2 floors!
  4007 | D:6      | HP: 1/79 [gnoll/+0 halberd[a gnoll sergeant] (4)]
  4010 | D:6      | Slain by a gnoll

Illustrated notes

Levels and vault maps discovered:
D:1:      psy_arrival_radial02, layout_basic
D:2:      layout_loops_ring, minivault_5, kennysheep_cross_bottleneck,
          uniq_natasha
D:3:      lemuel_castle_with_subvaults [lemuel_castle_interior_carwin_2],
          layout_loops_corners
D:4:      layout_cave_pools, grunt_dithmenos_smoke, lemuel_crystal_altar,
          serial_shops, nicolae_shop_bloodbath_and_beyond,
          nicolae_shop_just_a_little_nook, nicolae_shop_overgrown_old_shop,
          shop, kennysheep_mini_moat
D:6:      layout_loops_ring, lemuel_coloured_pillars_altar,
          minmay_temple_entry_statues_pillars, minmay_door_square, minivault_22,
          small_statue_intersection

Skill      XL: |  1  2  3  4  5  6  7 |
---------------+----------------------+-----
Invocations    | 1 2 3 |  3.1
Short Blades   | 1 2 |  2.8
Long Blades    | 1 2 |  2.8
Axes           | 1 2 |  2.8
Maces & Flails | 1 2 |  2.8
Polearms       | 1 2 |  2.8
Staves         | 1 2 |  2.8
Ranged Weapons | 1 2 |  2.8
Throwing       | 1 2 |  2.8
Armour         | 1 2 |  2.8
Stealth        | 1 2 |  2.8
Shields        | 1 2 |  2.8
Spellcasting   | 1 2 |  2.8
Evocations     | 1 2 |  2.8
Conjurations   | 1 2 |  2.2
Hexes          | 1 2 |  2.2
Summonings     | 1 2 |  2.2
Necromancy     | 1 2 |  2.2
Translocations | 1 2 |  2.2
Transmutations | 1 2 |  2.2
Fire Magic     | 1 2 |  2.2
Ice Magic      | 1 2 |  2.2
Air Magic      | 1 2 |  2.2
Earth Magic    | 1 2 |  2.2
Poison Magic   | 1 2 |  2.2
Fighting       | 3 |  3.8
Dodging        | 5 |  5.4
Unarmed Combat | 7 |  7.1
Shapeshifting  | 7 |  7.0

Action                     |  1- 3 |  4- 6 |  7- 9 || total
---------------------------+-------+-------+-------++-------
  Melee: Unarmed           |    89 |    28 |       ||   117
         Bite              |     4 |    29 |     9 ||    42
         Punch             |     2 |     5 |     3 ||    10
         Short sword       |       |   151 |    80 ||   231
    Use: Potion            |       |       |     1 ||     1
   Stab: Sleeping          |     2 |     2 |       ||     4
 Armour: Animal skin       |    38 |    88 |       ||   126
         Chain mail        |       |       |    44 ||    44
         Skin              |       |       |     5 ||     5
  Dodge: Dodged            |    64 |   116 |    21 ||   201

Table legend: (Time is in decaauts)
 A = Elapsed time spent in this place.
 B = Non-inter-level travel time spent in this place.
 C = Inter-level travel time spent in this place.
 D = Time resting spent in this place.
 E = Time spent auto-exploring this place.
 F = Levels seen in this place.
 G = Mean time per level.
                   A        B        C        D        E       F      G
               +--------+--------+--------+--------+--------+-----+--------+
         Total |   3977 |   3799 |    178 |    582 |   2304 |   5 |  795.4 |
       Dungeon |   3977 |   3799 |    178 |    582 |   2304 |   5 |  795.4 |
               +--------+--------+--------+--------+--------+-----+--------+

Top non-repeatable levels by time:
     D:3: 2138 daAuts
     D:2: 957 daAuts
     D:1: 730 daAuts
     D:6: 145 daAuts
     D:4: 5 daAuts
